 Dungeon Crawl Stone Soup version 0.25-a0-306-g3faca94 (webtiles) character file.

Game seed: 5808433799273448309, levelgen mode: deterministic

6589 Birdy the Grappler (level 10, 0/110 HPs)
             Began as a Troll Monk on Dec 21, 2019.
             Slain by an unseen horror (8 damage)
             ... on level 9 of the Dungeon.
             The game lasted 00:15:47 (7283 turns).

Birdy the Grappler (Troll Monk)                     Turns: 7283, Time: 00:15:47

Health: 0/110      AC:  6    Str: 26    XL:     10   Next: 71%
Magic:  9/9        EV: 10    Int:  6    God:
Gold:   464        SH:  0    Dex: 12    Spells: 9/9 levels left

rFire    . . .     SeeInvis .     - Unarmed
rCold    . . .     Gourm    +   (no shield)
rNeg     . . .     Faith    .   a - +0 robe
rPois    .         Spirit   .   (helmet restricted)
rElec    .         Reflect  .   k - scarf {repulsion}
rCorr    .         Harm     .   (gloves unavailable)
MR       .....                  (boots unavailable)
Stlth    ++........             (no amulet)
HPRegen  0.68/turn              (no ring)
MPRegen  0.11/turn              (no ring)

@: repel missiles
A: large, unfitting armour, claws 3, fast metabolism 3, gourmand, regeneration
1, shaggy fur 1, strong 1, tough skin 3, evolution 1, MP-powered wands
a: no special abilities


You were on level 9 of the Dungeon.
You were hungry.

You visited 1 branch of the dungeon, and saw 9 of its levels.

You collected 464 gold pieces.

Inventory:

Armour
 a - a +0 robe (worn)
 k - a scarf of repulsion (worn)
 y - a +0 cloak of magic resistance
Jewellery
 g - an uncursed ring of fire
Wands
 e - a wand of digging (4)
 m - a wand of flame (45)
 s - a wand of iceblast (18)
 v - a wand of disintegration (13)
Scrolls
 c - 4 scrolls of remove curse
 d - 4 scrolls of teleportation
 f - 2 scrolls of enchant armour
 n - a scroll of fear
 r - 4 scrolls of enchant weapon
 t - a scroll of amnesia
 u - a scroll of magic mapping
 w - a scroll of noise {unknown}
Potions
 h - a potion of magic
 i - 5 potions of cancellation
 j - a potion of invisibility
 l - 3 potions of brilliance
 o - a potion of haste
 p - 2 potions of curing
 q - 2 potions of might
Comestibles
 b - 25 rations


   Skills:
 + Level 10.1 Fighting
 - Level 2.4 Dodging
 - Level 1.0 Stealth
 + Level 11.8 Unarmed Combat


You had 9 spell levels left.
You didn't know any spells.
Your spell library contained the following spells:

 Spells                   Type           Power        Failure   Level  Hunger
 Summon Butterflies       Summ           #.......     45%         1    ##.....
 Call Canine Familiar     Summ           #.......     83%         3    ####...
 Summon Ice Beast         Ice/Summ       #.......     99%         4    #####..
 Bolt of Magma            Conj/Fire/Erth #.........   100%        5    ######.
 Iskenderun's Battlesphe  Conj/Chrm      #.......     100%        5    ######.
 Summon Mana Viper        Hex/Summ       #.......     100%        5    ######.
 Iron Shot                Conj/Erth      #.........   100%        6    #######
 Orb of Destruction       Conj           #.........   100%        7    #######
 Spellforged Servitor     Conj/Summ      #.........   100%        7    #######
 Summon Hydra             Summ           #.........   100%        7    #######


Dungeon Overview and Level Annotations

Branches:
Dungeon (9/15)             Temple (0/1) D:4
   Lair: D:8-11         Orc: D:9-12

Altars:
Ashenzari
Cheibriados
Fedhas
Kikubaaqudgha
Makhleb
Nemelex Xobeh
Ru
Uskayaw
Wu Jian
Xom
Zin

Shops:
D:9 !


Innate Abilities, Weirdness & Mutations

You are too large for most types of armour.
You have claws for hands.
Your metabolism is lightning-fast.
You like to eat raw meat.
Your natural rate of healing is unusually fast.
You are covered in fur. (AC +1)
You have extremely tough skin. (AC +3)
Your muscles are strong. (Str +2)
You evolve.
You expend magic power (3 MP) to strengthen your wands.


Message History

You claw something! x2; Something hits you.
Unknown command.
Something hits you but does no damage. Something hits you. Something hits you!
Something hits you but does no damage.
You miss something. Something hits you!
* * * LOW HITPOINT WARNING * * *
Something hits you!
* * * LOW HITPOINT WARNING * * *
You see here a ration.
b - 25 rations (gained 1)
Something hits you!
* * * LOW HITPOINT WARNING * * *
A crocodile comes into view.
Something hits you.
* * * LOW HITPOINT WARNING * * *
The crocodile moves out of view.
You claw something! Something hits you!
You die...

#..#..†......... . .
####........## #. ...
#..#...†....# . #...
#..)..###...### .
.....###.....#......####.
#...†...#.$#).#.......#
#.......#######........
#..###..#..#..#..###...
.... #.@{...#......#....
#.. #..#..###..#..#..#.
.. ####.......#######. .
#.......# #..#.
...###.... #.... ....
.....###...
.#..#()#........
####........ #........


There were no monsters in sight!

Vanquished Creatures
  An unseen horror (D:6)
  Maurice (D:8)
  A komodo dragon (D:8)
  Prince Ribbit (D:5)
  A hippogriff (D:9)
  A hungry ghost (D:9)
  A water moccasin (D:6)
  5 orc warriors
  A sky beast (D:6)
  3 ice beasts
  3 black bears
  4 ogres
  2 phantoms (D:8)
  4 centaurs
  2 big kobolds
  2 bullfrogs (D:9)
  8 scorpions
  3 killer bees (D:6)
  3 jellies
  3 howler monkeys
  5 crimson imps
  4 centaur zombies
  8 hounds
  A quasit (D:6)
  8 orc priests
  2 bullfrog zombies
  2 gnoll shamans
  6 orc wizards
  A bullfrog skeleton (D:5)
  A centaur skeleton (D:8)
  Natasha (thrice) (D:4)
  5 iguanas
  11 worker ants
  A worker ant zombie (D:8)
  11 gnolls
  7 adders
  A shadow imp (D:6)
  An ooze (D:2)
  2 adder skeletons
  2 adder zombies
  7 worms
  11 dart slugs
  5 leopard geckos
  34 orcs
  15 bats
  10 giant cockroaches
  7 goblins
  6 hobgoblins
  7 jackals
  10 kobolds
  2 quokkas
  4 ball pythons
  2 frilled lizards
  A quokka skeleton (D:6)
  2 quokka zombies
  8 rats
263 creatures vanquished.

Notes
Turn   | Place    | Note
-------+----------+-------------------------------------------
     0 | D:1      | Birdy the Troll Monk began the quest for the Orb.
     0 | D:1      | Reached XP level 1. HP: 22/22 MP: 0/0
   373 | D:1      | Reached XP level 2. HP: 29/29 MP: 1/1
   469 | D:1      | Gained mutation: Your muscles are strong. (Str +2) [potion
                  | of mutation]
   469 | D:1      | Gained mutation: You evolve. [potion of mutation]
   573 | D:2      | Reached XP level 3. HP: 35/37 MP: 2/2
   651 | D:2      | Found a faded altar of an unknown god.
   755 | D:2      | Reached skill level 4 in Unarmed Combat
   796 | D:2      | Reached XP level 4. HP: 43/45 MP: 3/3
   899 | D:2      | Found a hide-covered altar of Uskayaw.
  1352 | D:3      | Found a shattered altar of Ashenzari.
  1644 | D:3      | Reached XP level 5. HP: 47/54 MP: 4/4
  1890 | D:3      | Found a sacrificial altar of Ru.
  2003 | D:4      | Reached skill level 5 in Unarmed Combat
  2004 | D:4      | Found a staircase to the Ecumenical Temple.
  2078 | D:4      | Found a blossoming altar of Fedhas.
  2079 | D:4      | Noticed a centaur
  2131 | D:4      | Killed a centaur
  2131 | D:4      | Reached XP level 6. HP: 46/63 MP: 5/5
  2375 | D:4      | Reached skill level 5 in Fighting
  2375 | D:4      | Reached skill level 6 in Unarmed Combat
  2375 | D:4      | Reached XP level 7. HP: 67/72 MP: 6/6
  2416 | D:4      | HP: 3/72 [gnoll/+2 halberd of venom (8)]
  2504 | D:4      | Noticed Natasha
  2510 | D:4      | Killed Natasha
  2607 | D:4      | Noticed Natasha
  2824 | D:4      | Killed Natasha
  2892 | D:4      | Gained mutation: You expend magic power (3 MP) to
                  | strengthen your wands. [evolution]
  2946 | D:4      | Noticed Natasha
  2961 | D:4      | Killed Natasha
  2986 | D:5      | Entered Level 5 of the Dungeon
  3167 | D:5      | Reached skill level 7 in Unarmed Combat
  3274 | D:5      | Found an ornate altar of the Wu Jian Council.
  3339 | D:5      | Noticed Prince Ribbit
  3349 | D:5      | Killed Prince Ribbit
  3349 | D:5      | Reached XP level 8. HP: 55/83 MP: 7/7
  3725 | D:5      | Reached skill level 8 in Unarmed Combat
  4115 | D:6      | Found a glowing silver altar of Zin.
  4116 | D:6      | Noticed an angel
  4145 | D:6      | Found a burning altar of Makhleb.
  4327 | D:6      | Reached XP level 9. HP: 58/93 MP: 8/8
  4359 | D:6      | Reached skill level 9 in Unarmed Combat
  5284 | D:7      | Reached skill level 10 in Unarmed Combat
  5302 | D:6      | Killed an unseen horror
  5532 | D:7      | Reached XP level 10. HP: 103/107 MP: 9/9
  5674 | D:7      | Found a snail-covered altar of Cheibriados.
  6008 | D:7      | Found a sparkling altar of Nemelex Xobeh.
  6048 | D:7      | Found a sacrificial altar of Ru.
  6389 | D:8      | Noticed Maurice
  6398 | D:8      | Killed Maurice
  6398 | D:8      | Reached skill level 11 in Unarmed Combat
  6796 | D:8      | Found a shimmering altar of Xom.
  7090 | D:9      | Found Cidy's Distillery.
  7144 | D:9      | Reached skill level 10 in Fighting
  7174 | D:9      | Found an ancient bone altar of Kikubaaqudgha.
  7283 | D:9      | Slain by an unseen horror

Levels and vault maps discovered:
D:1:      dpeg_arrival_subterranean_lakeside_camping, layout_basic
D:2:      layout_basic, eat_drink_and_be_merry_uskayaw,
          chequers_ecumenical_altar_lobes, first_ration
D:3:      layout_basic, cheibrodos_ashenzari_chains, lemuel_round_altar
D:4:      layout_gridville, fedhas_bush_and_centaur_altar,
          minmay_temple_entry_slanted, uniq_natasha
D:5:      kennysheep_slugbush, layout_gridville, kennysheep_mini_moat,
          uniq_prince_ribbit1
D:6:      kennysheep_windowed_halls, layout_rooms, zin_angel,
          overflow_temple_1_default
D:7:      layout_basic, kennysheep_little_box, nemelex_altar_shiori,
          grunt_ogre_cave, nicolae_ru_sacrificial_ziggurat
D:8:      minmay_curly_fans, layout_loops_ring, lemuel_round_altar, uniq_maurice
D:9:      hangedman_cross_cluster, layout_basic, overflow_temple_1_default,
          lemuel_crystal_altar, lair_entry_dummy, serial_shops,
          nicolae_shop_behind_doors

Skill      XL: |  1  2  3  4  5  6  7  8  9 10 |
---------------+-------------------------------+-----
Fighting       | 3 4 5 6 7 9 10 | 10.1
Unarmed Combat | 4 5 6 7 8 10 11 | 11.8
Dodging        | |  2.4
Stealth        | |  1.0

Action                   |  1- 3 |  4- 6 |  7- 9 | 10-12 || total
-------------------------+-------+-------+-------+-------++-------
Melee: Unarmed           |    82 |   153 |   297 |   169 ||   701
       Punch             |     1 |     4 |     9 |     9 ||    23
  Use: Potion            |     5 |     6 |     4 |       ||    15
       Scroll            |       |     6 |     7 |     1 ||    14
 Stab: Sleeping          |     1 |     4 |     6 |     2 ||    13
  Eat: Chunk             |     5 |    15 |    25 |    19 ||    64
       Ration            |       |       |     1 |       ||     1
Armor: Robe              |    36 |    52 |   117 |    41 ||   246
Dodge: Dodged            |    40 |    75 |   163 |    59 ||   337
       Deflected         |       |     5 |     8 |     2 ||    15

Table legend:
 A = Non-vault XP
 B = Vault XP
 C = Vault XP percentage of total XP
 D = Non-vault monster count
 E = Vault monster count
 F = Vault count percentage of total count
                 A         B        C        D         E       F
            +---------+---------+-------+---------+---------+-------
      Total |    6880 |    2534 |  26.9 |     220 |      43 |  16.3
            +---------+---------+-------+---------+---------+-------
        D:1 |      25 |       8 |  24.2 |      14 |       6 |  30.0
        D:2 |     124 |       0 |   0.0 |      38 |       0 |   0.0
        D:3 |      85 |       0 |   0.0 |      22 |       0 |   0.0
        D:4 |     690 |     148 |  17.7 |      22 |       2 |   8.3
        D:5 |     648 |     309 |  32.3 |      29 |       9 |  23.7
        D:6 |    2187 |     798 |  26.7 |      27 |      15 |  35.7
        D:7 |    1262 |      64 |   4.8 |      39 |       1 |   2.5
        D:8 |     993 |     978 |  49.6 |      20 |       5 |  20.0
        D:9 |     866 |     229 |  20.9 |       9 |       5 |  35.7
            +---------+---------+-------+---------+---------+-------
